 Dungeon Crawl Stone Soup version 0.31.0-12-g77e489cdc1 (webtiles) character file.

Game seed: 11932092259923805513

145 Silvore the Trooper (level 5, 0/48 HPs)
             Began as a Minotaur Fighter on Feb 24, 2024.
             Slain by a kobold brigand
             ... wielding a +0 dagger
              (2 damage)
             ... in a sewer.
             The game lasted 00:03:17 (1618 turns).

Silvore the Trooper (Minotaur Fighter)              Turns: 1618, Time: 00:03:18

Health: 0/48       AC: 14    Str: 22    XL:     5   Next: 6%
Magic:  4/4        EV:  8    Int:  5    God:
Gold:   839        SH:  4    Dex: 10    Spells: 4/4 levels left

rFire   + . .        a - +0 flail
rCold   x . .        c - +0 buckler
rNeg    . . .        o - +0 chain mail
rPois   .            (helmet restricted)
rElec   .            (no cloak)
rCorr   .            k - +0 pair of gloves
SInv    .            (no boots)
Will    .....        (no amulet) Stlth
                     l - +4 ring of protection
HPRegen 0.28/turn    i - ring of fire
MPRegen 0.09/turn

%: no passive effects
@: mighty, attractive, slowed, very slow
A: horns 2, retaliatory headbutt
a: no special abilities


You were in a sewer.
You visited 1 branch of the dungeon, and saw 3 of its levels.
You also visited: Sewer.

You collected 839 gold pieces.

Inventory:

Hand Weapons
 a - a +0 flail (weapon)
Armour
 b - a +0 scale mail
 c - a +0 buckler (worn)
 k - a +0 pair of gloves (worn)
 o - a +0 chain mail (worn)
Jewellery
 i - a ring of fire (right hand)
 l - a +4 ring of protection (left hand)
Scrolls
 h - a scroll of fog {unknown}
Potions
 e - a potion of lignification
 g - a potion of degeneration {unknown}
 j - a potion of cancellation {unknown}
 m - a potion of magic {unknown}
 n - a potion of berserk rage {unknown}


   Skills:
 + Level 5.0 Fighting
 + Level 4.0 Maces & Flails
 + Level 4.5 Armour
 + Level 4.2 Shields


You had 4 spell levels left.
You didn't know any spells.
Your spell library was empty.

Dungeon Overview and Level Annotations

Branches:
Dungeon (3/15)              Sewer (1/1)

Altars:


Innate Abilities, Weirdness & Mutations

You have a pair of horns on your head.
You reflexively headbutt those who attack you in melee.


Message History

The kobold brigand hits you with a +0 short sword of speed.
The kobold brigand hits you with a +0 dagger.
The kobold hits you but does no damage.
The kobold brigand hits you with a +0 short sword of speed.
* * * LOW HITPOINT WARNING * * *
You closely miss the kobold brigand.
You feel sick.
You are no longer poisoned.
The kobold hits you but does no damage.
The kobold brigand hits you but does no damage. x2
The kobold brigand hits you with a +0 short sword of speed.
* * * LOW HITPOINT WARNING * * *
The kobold brigand barely misses you. You furiously retaliate!
You headbutt the kobold brigand, but do no damage.
The kobold closely misses you. You block the kobold brigand's attack.
You feel very mighty all of a sudden. The kobold closely misses you.
You furiously retaliate!
You headbutt the kobold.
You kill the kobold!
You block the kobold brigand's attack.
The kobold brigand hits you but does no damage. x3
You hit the kobold brigand.
The kobold brigand is lightly wounded.
The kobold brigand barely misses you.
The kobold brigand hits you with a +0 dagger.
* * * LOW HITPOINT WARNING * * *
The kobold brigand hits you but does no damage. x3
Unknown command.
You hit the kobold brigand.
The kobold brigand is moderately wounded.
The kobold brigand barely misses you.
The kobold brigand hits you but does no damage. x2
The kobold brigand hits you with a +0 dagger.
* * * LOW HITPOINT WARNING * * *
It was a potion of attraction.
You feel attractive to monsters. You block the kobold brigand's attack.
The kobold brigand hits you with a +0 short sword of speed.
* * * LOW HITPOINT WARNING * * *
The kobold brigand hits you with a +0 dagger.
You die...

### ### ###.####..
#####....P....
###.............
#.....†.........
#######..........P....
#!..!#................
#...)@.~~...P~~.......
#!∩!KK~~....~~~~~~...~
#....#~~~.~~P~~P~~..~~
##############~#######
~~~~ ~~ ≈≈ ≈≈


You could see 2 kobold brigands.

Vanquished Creatures
  A sleepcap (D:2)
  5 adders
  2 ribbon worms
  An orc (D:3)
  3 endoplasms (D:1)
  4 giant cockroaches
  6 goblins
  5 hobgoblins
  5 jackals
  4 quokkas
  8 ball pythons
  3 bats
  4 frilled lizards
  8 kobolds
  8 rats
67 creatures vanquished.

Notes
Turn   | Place    | Note
-------+----------+-------------------------------------------
     0 | D:1      | Silvore the Minotaur Fighter began the quest for the Orb.
     0 | D:1      | Reached XP level 1. HP: 19/19 MP: 0/0
   191 | D:1      | Reached XP level 2. HP: 22/27 MP: 1/1
   200 | D:1      | Reached skill level 4 in Fighting
   676 | D:1      | Found a faded altar of an unknown god.
   797 | D:1      | Identified a scroll of acquirement
   797 | D:1      | Acquired 735 gold pieces
   839 | D:2      | Reached XP level 3. HP: 33/33 MP: 2/2
   930 | D:2      | Reached XP level 4. HP: 41/41 MP: 3/3
  1500 | D:3      | Reached skill level 5 in Fighting
  1511 | D:3      | Found a glowing drain.
  1524 | Sewer    | Entered a sewer
  1547 | Sewer    | Reached XP level 5. HP: 47/48 MP: 4/4
  1618 | Sewer    | HP: 2/48 [kobold brigand/+0 short sword of speed (3)]
  1618 | Sewer    | Slain by a kobold brigand

Illustrated notes

Levels and vault maps discovered:
D:1:      dpeg_arrival_stone_temple_mockup, layout_basic,
          shapermc_ecumenical_altar_acropolis, minivault_25, minmay_pentomino_s2
D:2:      layout_rooms, kennysheep_generic_room_11
D:3:      layout_basic, gup_sewer_entry_bubbles, uniq_terence
Sewer:    kennysheep_pipe_town

Skill      XL: |  1  2  3  4  5 |
---------------+----------------+-----
Fighting       | 4 5 |  5.0
Armour         | 4 |  4.5
Shields        | 4 |  4.2
Maces & Flails | 3 4 |  4.0

Action                     |  1- 3 |  4- 6 || total
---------------------------+-------+-------++-------
  Melee: Flail             |    54 |    79 ||   133
         Headbutt          |    17 |    20 ||    37
    Use: Scroll            |     6 |     1 ||     7
         Potion            |       |     2 ||     2
 Armour: Scale mail        |    21 |       ||    21
         Chain mail        |    21 |    79 ||   100
  Dodge: Dodged            |    29 |    30 ||    59
  Block: Buckler           |    11 |    33 ||    44
